 Dungeon Crawl Stone Soup version 0.17-a0-957-ga3519be (webtiles) character file.

1253 nubinia the Sneak (level 8, 0/67 HPs)
             Began as a Naga Ice Elementalist on May 7, 2015.
             Was a Follower of Sif Muna.
             Engulfed by a cloud of flame (7 damage)
             ... on level 6 of the Dungeon.
             The game lasted 00:43:50 (7838 turns).

nubinia the Sneak (Naga Ice Elementalist)           Turns: 7838, Time: 00:43:51

Health: 0/67       AC: 11    Str: 13    XL:     8   Next: 51%
Magic:  15/15      EV:  9    Int: 18    God:    Sif Muna [*.....]
Gold:   312        SH:  0    Dex: 13    Spells: 3 memorised, 10 levels left

rFire  + . .     SeeInvis +     g - +3 dagger (venom)
rCold  x . .     Clarity  .     a - +0 robe
rNeg   + . .     SustAb   .     (no shield)
rPois  +         Gourm    .     j - +0 helmet
rElec  .         Spirit   .     (no cloak)
rCorr  .         Warding  .     (no gloves)
rMut   .         Stasis   .     y - +1 naga barding
MR     +....                    (no amulet)
Stlth  ++++......               A - ring of fire
                                e - ring of positive energy

@: very slow, somewhat resistant to hostile enchantments, stealthy
A: yellow scales 1, see invisible, clever 1, deformed body, poison resistance,
slowness 2, slow metabolism 1, spit poison 2, strong 1, AC +2
a: Spit Poison, Channel Energy, Renounce Religion


You were on level 6 of the Dungeon.
You worshipped Sif Muna.
Sif Muna was aware of your devotion.
You were not hungry.

You visited 2 branches of the dungeon, and saw 7 of its levels.

You collected 312 gold pieces.

Inventory:

Hand weapons
 g - a +3 dagger of venom (weapon)
Armour
 a - a +0 robe (worn)
 j - a +0 helmet (worn)
 l - a pearl dragon hide
 n - a -1 cloak
 y - a +1 naga barding (worn)
Jewellery
 d - a +3 ring of intelligence
 e - a ring of positive energy (left hand)
 A - a ring of fire (right hand)
Magical devices
 f - a wand of flame (22)
 z - a wand of draining (6)
Scrolls
 o - a scroll of enchant weapon
 r - a scroll of recharging
 u - 3 scrolls of identify
Potions
 h - 3 potions of heal wounds
 k - 2 potions of might
 m - a potion of resistance
 p - a potion of curing
 q - 3 potions of lignification
Books
 b - a book of Frost

   Spells                             Type                      Level
   a - Freeze                         Ice                          1
   b - Throw Frost                    Conjuration/Ice              2
   c - Ozocubu's Armour               Charms/Ice                   3
   d - Throw Icicle                   Conjuration/Ice              4
   e - Summon Ice Beast               Ice/Summoning                4
   f - Condensation Shield            Ice                          4
Comestibles
 c - 2 bread rations
 i - a slice of pizza
 t - 6 chunks of flesh
 v - 3 fruits


   Skills:
 + Level 2.2 Fighting
 + Level 2.0 Short Blades
 + Level 3.9 Dodging
 + Level 6.1 Stealth
 + Level 4.8 Spellcasting
 * Level 2.2 Conjurations
 * Level 2.2 Charms
 * Level 5.4 Ice Magic


You had 10 spell levels left.
You knew the following spells:

 Your Spells              Type           Power        Failure   Level  Hunger
a - Freeze                Ice            ##..         1%          1    None
b - Throw Frost           Conj/Ice       #.....       4%          2    #......
o - Ozocubu's Armour      Chrm/Ice       #.......     10%         3    ###....


Dungeon Overview and Level Annotations

Branches:
Dungeon (6/15)             Temple (1/1) D:4

Altars:
Cheibriados
Dithmenos
Fedhas
Gozag
Kikubaaqudgha
Makhleb
Qazlal
Ru
Sif Muna
Trog
Vehumet
Xom
Yredelemnul
Zin

Shops:
D:5 %

Annotations:
D:4 inmateoo's ghost, experienced HuWr


Innate Abilities, Weirdness & Mutations

You cannot wear boots.
Your serpentine skin is tough (AC +2).
You have supernaturally acute eyesight.
Armour fits poorly on your strangely shaped body.
Your system is resistant to poisons.
You cover ground very slowly.
You have a slow metabolism.
You can spit poison.
You are partially covered in yellow scales (AC +2).
Your mind is acute. (Int +2)
Your muscles are strong. (Str +2)


Message History

Unknown command.
Put on which piece of jewellery? (? for menu, Esc to quit)
You're wearing all the rings you can.
Remove which one? (? for menu, Esc to cancel) < or
e - a ring of positive energy; > or
d - a +3 ring of intelligence You remove your +3 ring of intelligence.
You feel stupid.
You are engulfed in roaring flames.
You feel more attuned to fire.
A - a ring of fire (right hand)
You are engulfed in roaring flames.
You resist.
* * * LOW HITPOINT WARNING * * *
You are engulfed in roaring flames.
You resist.
* * * LOW HITPOINT WARNING * * *
The orc wizard gestures at you while chanting.
You easily resist.
Things that are here:
a dagger; a robe You are engulfed in roaring flames.
You resist.
You die...

#.........### #(#
..........# #.# ##...##
#........# #.# ###[....#
#........# #o# ........
##......## #o# .......
######.## #.# .....# #oo#
#)# ##...# ##§#### #)#
#....## #§§@)###.# #....##
#######<.##o#####.##...
#......................
...#####..##.#####.....#
#####)###.#......##.#
##.........[.##.####..
#..####..###.###.###..##....
#......#.)(.# #. ##.##..##.
######.).######.##.....###.


You could see an orc.

Vanquished Creatures
  4 ogres
  A sky beast (D:5)
  A giant frog (D:5)
  2 scorpions
  A crimson imp (D:6)
  A giant frog skeleton (D:4)
  A hound (D:6)
  An orc priest (D:6)
  A killer bee zombie (D:4)
  4 orc wizards
  3 worker ants
  3 hound skeletons
  10 adders
  5 gnolls
  A shadow imp (D:6)
  An ooze (D:4)
  4 worms
  5 giant geckos
  16 orcs
  A ball python (D:3)
  17 bats
  2 bat skeletons (D:6)
  A bat zombie (D:5)
  3 giant cockroaches
  9 hobgoblins
  16 jackals
  14 kobolds
  3 quokkas
  8 giant newts
  15 goblins
  A jackal skeleton (D:6)
  A quokka skeleton (D:6)
  8 rats
164 creatures vanquished.

Notes
Turn   | Place    | Note
--------------------------------------------------------------
     0 | D:1      | nubinia, the Naga Ice Elementalist, began the quest for the Orb.
     0 | D:1      | Reached XP level 1. HP: 15/15 MP: 3/3
   344 | D:1      | Reached XP level 2. HP: 10/22 MP: 0/5
   809 | D:1      | Reached XP level 3. HP: 28/28 MP: 4/6
   813 | D:1      | Learned a level 2 spell: Throw Frost
   817 | D:1      | Learned a level 3 spell: Ozocubu's Armour
  1998 | D:2      | Found a blossoming altar of Fedhas.
  1998 | D:2      | Found a stormy altar of Qazlal.
  2078 | D:2      | Reached XP level 4. HP: 34/36 MP: 5/8
  2411 | D:2      | Reached skill level 4 in Stealth
  3426 | D:3      | Found a blossoming altar of Fedhas.
  3682 | D:3      | Reached XP level 5. HP: 42/42 MP: 9/9
  3867 | D:3      | Found a sacrificial altar of Ru.
  3867 | D:3      | Found an opulent altar of Gozag.
  4123 | D:3      | Found a glowing silver altar of Zin.
  4123 | D:3      | Found an ancient bone altar of Kikubaaqudgha.
  4335 | D:4      | Noticed inmateoo's ghost (experienced HuWr)
  5213 | D:4      | Gained mutation: Your mind is acute. (Int +2) [potion of mutation]
  5213 | D:4      | Gained mutation: You are partially covered in yellow scales (AC +2). [potion of mutation]
  5213 | D:4      | Gained mutation: Your muscles are strong. (Str +2) [potion of mutation]
  5307 | D:4      | Noticed an ogre
  5325 | D:4      | Reached XP level 6. HP: 50/50 MP: 11/11
  5382 | D:5      | Entered Level 5 of the Dungeon
  5383 | D:5      | Found Gaynoidgh's Food Boutique.
  5609 | D:5      | Reached skill level 1 in Fighting
  5712 | D:5      | Reached skill level 5 in Stealth
  5804 | D:5      | Reached XP level 7. HP: 57/57 MP: 10/12
  5824 | D:5      | Found a bloodstained altar of Trog.
  5909 | D:5      | Reached skill level 1 in Short Blades
  6272 | D:4      | Noticed an ogre
  6309 | D:4      | Killed an ogre
  6309 | D:4      | Reached skill level 1 in Charms
  6619 | D:4      | Found a staircase to the Ecumenical Temple.
  6628 | Temple   | Entered the Ecumenical Temple
  6646 | Temple   | Became a worshipper of Sif Muna the Loreminder
  6770 | D:4      | Killed an ogre
  6770 | D:4      | Reached skill level 5 in Ice Magic
  6783 | D:3      | Found a radiant altar of Vehumet.
  7030 | D:5      | Reached XP level 8. HP: 32/67 MP: 7/14
  7405 | D:6      | Reached skill level 6 in Stealth
  7695 | D:6      | Acquired Sif Muna's first power
  7838 | D:6      | Engulfed by a cloud of flame

Action                   |  1- 3 |  4- 6 |  7- 9 || total
-------------------------+-------+-------+-------++-------
Melee: Dagger            |    21 |    87 |   119 ||   227
 Cast: Freeze            |    27 |    45 |    19 ||    91
       Ozocubu's Armour  |     2 |     9 |    13 ||    24
       Throw Frost       |       |     1 |     5 ||     6
 Abil: Spit Poison       |    35 |    35 |    25 ||    95
  Use: Scroll            |       |     9 |     3 ||    12
       Potion            |       |     4 |       ||     4
 Stab: Sleeping          |     2 |    10 |     4 ||    16
  Eat: Chunk             |     5 |    13 |     8 ||    26
